AoeStats
← [KBRA] sir_teleco

Arabia

510525972Analyzed
1v1 RM · 1d ago on Oct 1, 2026· 39m 26s· 2 players
Game mode
Random Map
Map size
Tiny (2 player)
Population
200
Speed
Normal
Resources
Standard
Victory
Conquest
Starting age
Dark Age
Ending age
Imperial Age
RankedLock teamsTeams togetherTeam positionsShared explorationLock speedFull tech treeHidden civsTurbo modeCheats
Victory
Defeat
🇪🇸 Magyars · Spain
945
+16
🇧🇷 Maya · Brazil
947
-16
[KBRA] sir_teleco
3:23 Loom
9:48 Feudal Age
10:46 Double-Bit Axe
14:44 Horse Collar
20:39 Castle Age
19:18 Bloodlines
19:43 Town Watch
19:45 Loom
20:36 Wheelbarrow
20:23 Scale Barding Armor
21:32 Husbandry
21:58 Heavy Plow
22:56 Wheelbarrow
26:55 Hand Cart
33:09 Imperial Age
30:47 Corvinian Army
32:16 Fletching
32:27 Padded Archer Armor
32:48 Chain Barding Armor
33:05 Thumb Ring
33:08 Bodkin Arrow
33:25 Elite Skirmisher
34:42 Conscription
35:58 Elite Magyar Huszar
38:16 Recurve Bow
38:34 Bracer
pppppp #vqen
11:28 Feudal Age
12:51 Loom
19:09 Horse Collar
24:20 Castle Age
23:24 Fletching
24:16 Scale Mail Armor
24:39 Pikeman
24:44 Crossbowman
28:17 Gold Mining
28:25 Double-Bit Axe
31:13 Bodkin Arrow
34:49 Wheelbarrow
35:52 Thumb Ring
37:02 Padded Archer Armor
Connection lost

Rejoining the realm…

Still unreachable

The connection could not be restored.

Session expired

The server has moved on; the page needs a fresh start.